 Dungeon Crawl Stone Soup version 0.30-b1-2-g02819fbbbe (webtiles) character file.

Game seed: 10843747852852959813

1115 hadoken the Spear-Bearer (level 8, -3/71 (73) HPs)
             Began as a Naga Warper on May 20, 2023.
             Slain by a wight
             ... wielding a +1 long sword
              (5 damage)
             ... on level 5 of the Dungeon.
             The game lasted 00:15:06 (4880 turns).

hadoken the Spear-Bearer (Naga Warper)              Turns: 4880, Time: 00:15:08

HP:   -3/71 (73)    AC:  5    Str: 13 (16) XL:     8   Next: 34%
MP:   11/11         EV:  9    Int: 10 (13) God:
Gold: 179           SH:  0    Dex:  8 (11) Spells: 1/11 levels left

rFire   + . .        s - +0 trident
rCold   + . .        (no shield)
rNeg    . . .        b - +1 leather armour
rPois   +            (no helmet)
rElec   +            (no cloak)
rCorr   +            (no gloves)
SInv    +            (no barding)
Will    +....        (no amulet)
Stlth   ++           k - ring of wizardry
HPRegen 0.31/turn    (no ring)
MPRegen 0.12/turn

%: wizardry (x1)
@: resistant, lightly drained, very slow
A: AC +2, large, see invisible, deformed body, poison resistance, slowness 2,
spit poison 1, naga tail 1, stinger 1, robust 1
a: Spit Poison


You were on level 5 of the Dungeon.
You visited 1 branch of the dungeon, and saw 5 of its levels.

You collected 179 gold pieces.

Inventory:

Hand Weapons
 a - a +0 spear
 n - a +4 dagger
 s - a +0 trident (weapon)
Missiles
 c - a throwing net
 d - 7 boomerangs of dispersal
Armour
 b - a +1 leather armour (worn)
 o - a +0 chain mail
Jewellery
 k - a ring of wizardry (left hand)
Wands
 f - a wand of digging (3)
 q - a wand of iceblast (1)
Scrolls
 p - a scroll of amnesia
Potions
 e - a potion of flight
 g - a potion of magic
 h - a potion of degeneration
 i - 2 potions of cancellation
 l - a potion of attraction
 m - a potion of curing


   Skills:
 - Level 2.0 Fighting
 + Level 9.5 Polearms
 - Level 0.8 Throwing
 - Level 0.7 Armour
 - Level 1.5 Dodging
 - Level 3.7 Stealth
 - Level 2.0 Spellcasting
 - Level 3.0 Translocations


You had one spell level left.
You knew the following spells:

 Your Spells              Type           Power      Damage    Failure   Level
a - Blink                 Tloc           14%        N/A       7%          2
b - Lesser Beckoning      Tloc           14%        N/A       7%          2
c - Teleport Other        Tloc           7%         N/A       14%         3
d - Vhi's Electric Charg  Tloc/Air       8%         N/A       26%         3

Your spell library contained the following spells:

 Spells                   Type           Power      Damage    Failure   Level
 Slow                     Hex            4%         N/A       16%         1
 Confusing Touch          Hex            1%         N/A       41%         3
 Vampiric Draining        Necr           1%         2d6       41%         3
 Manifold Assault         Tloc           7%         N/A       41%         4
 Arcjolt                  Conj/Air       0%         1d10      98%         5
 Maxwell's Capacitive Co  Air            0%         ∞         100%        8


Dungeon Overview and Level Annotations

Branches:
Dungeon (5/15)
 Temple: D:4-7

Altars:
Xom

Annotations:
D:5 exclusions: phantom and 2 more exclusions


Innate Abilities, Weirdness & Mutations

Your serpentine skin is tough. (AC +2)
You have supernaturally acute eyesight. (SInv)
Armour fits poorly on your strangely shaped body.
Your system is resistant to poisons. (rPois)
You cover ground very slowly.
You can spit poison.
You have a snake-like lower body.
Your tail ends in a venomous barb.
You are robust. (+10% HP)


Message History

You barely miss the adder.
The adder is moderately wounded.
The adder bites you but does no damage.
Unknown command.
Reach: s) +0 trident
Press: ? - help, Dir - move target, f/p - adder
Aim: an adder (moderately wounded, poisoned, about 58% to evade your +0 trident)
You hit the adder.
The adder is almost dead.
You kill the adder!
Unknown command.
You have got your breath back. 2 wights come into view.
There are monsters nearby!
As you read the scroll labelled HEOSYLUREY, it crumbles to dust.
The scroll dissolves into smoke.
It was a scroll of fog.
Okay, then.
It was a potion of degeneration.
There was something very wrong with that liquid.
You feel weakened.
You feel dopey.
You feel clumsy.
Okay, then.
Okay, then.
Okay, then.
Really quaff the potion of mutation?
You feel extremely strange.
A venomous barb forms on the end of your tail.
You feel robust.
You hit the wight.
The wight is moderately damaged.
You hit the wight but do no damage.
The wight is moderately damaged.
The wight hits you with a +0 hand axe. The wight barely misses you.
You barely miss the wight.
The wight is moderately damaged.
The wight hits you with a +0 hand axe.
* * * LOW HITPOINT WARNING * * *
The wight hits you with a +1 long sword!
* * * LOW HITPOINT WARNING * * *
You feel drained.
You die...

#.....#~#.....###+##
.##...................#
......................#
......................#
........§§............#
..#....§§§§§§.........#
#..z..§§§§..........#
......§.§§z§§.........# .
......§§§§z@§.#.###### ..
........§#§§§...#
..######..?.###§....#######
.......#....#....§.........
..<....#....#.#####.#######
.......#......#.).....####
............. #.##.......##.
............. #.##..........
..............#.............


You could see 2 wights.

Vanquished Creatures
  Sigmund (D:5)
  Menkaure (D:5)
  2 ice beasts (D:5)
  2 phantoms
  2 scorpions
  3 hounds (D:5)
  A jelly (D:4)
  An orc priest (D:4)
  An iguana (D:4)
  Terence (D:3)
  5 adders
  4 gnolls
  3 dart slugs
  5 orcs
  5 bats
  6 endoplasms
  2 giant cockroaches
  8 goblins
  8 hobgoblins
  4 jackals (D:2)
  4 kobolds
  2 quokkas
  5 ball pythons
  8 frilled lizards
  5 rats
89 creatures vanquished.

Vanquished Creatures (others)
  A jelly (D:5)
1 creature vanquished.

Grand Total: 90 creatures vanquished

Notes
Turn   | Place    | Note
-------+----------+-------------------------------------------
     0 | D:1      | hadoken the Naga Warper began the quest for the Orb.
     0 | D:1      | Reached XP level 1. HP: 19/19 MP: 3/3
   149 | D:1      | Reached skill level 1 in Stealth
   209 | D:1      | Reached XP level 2. HP: 22/26 MP: 5/5
   798 | D:2      | Reached XP level 3. HP: 32/32 MP: 6/6
   853 | D:2      | Reached skill level 3 in Polearms
  1021 | D:2      | Learned a level 2 spell: Blink
  1024 | D:2      | Learned a level 2 spell: Lesser Beckoning
  1443 | D:2      | Reached XP level 4. HP: 38/39 MP: 7/7
  2100 | D:3      | Reached skill level 4 in Polearms
  2175 | D:3      | Reached XP level 5. HP: 40/45 MP: 8/8
  2474 | D:3      | Found a shimmering altar of Xom.
  2476 | D:3      | Found a shimmering altar of Xom.
  2476 | D:3      | Found a shimmering altar of Xom.
  2579 | D:3      | Noticed Terence
  2590 | D:3      | Killed Terence
  2629 | D:3      | Learned a level 3 spell: Teleport Other
  2905 | D:4      | Reached skill level 5 in Polearms
  2915 | D:4      | Reached XP level 6. HP: 52/52 MP: 9/9
  3236 | D:4      | Noticed a steam dragon
  3505 | D:4      | Reached skill level 6 in Polearms
  4089 | D:5      | Entered Level 5 of the Dungeon
  4097 | D:5      | Reached XP level 7. HP: 54/60 MP: 10/10
  4136 | D:5      | Noticed Sigmund
  4161 | D:5      | Reached skill level 7 in Polearms
  4165 | D:5      | Killed Sigmund
  4191 | D:5      | Reached skill level 8 in Polearms
  4625 | D:5      | Learned a level 3 spell: Vhi's Electric Charge
  4650 | D:5      | Reached XP level 8. HP: 46/67 MP: 8/11
  4746 | D:5      | Noticed Menkaure
  4758 | D:5      | Killed Menkaure
  4759 | D:5      | Reached skill level 9 in Polearms
  4877 | D:5      | Gained mutation: Your tail ends in a venomous barb. [potion
                  | of mutation]
  4877 | D:5      | Gained mutation: You are robust. (+10% HP) [potion of
                  | mutation]
  4880 | D:5      | HP: 2/73 [wight/+1 long sword (15)]
  4880 | D:5      | Slain by a wight

Illustrated notes

Levels and vault maps discovered:
D:1:      sevenhm_arrival_forest_fort_small_3, layout_loops_ring
D:2:      layout_basic, minmay_misc_feat_rugged
D:3:      layout_rooms, xom_redecorated, uniq_terence
D:4:      layout_cave_pods, serial_shops, shop, kennysheep_generic_room_5
D:5:      layout_basic, portal_sewer_entry_d, nicolae_goblin_pals,
          uniq_menkaure, uniq_sigmund, uniq_ijyb, uniq_edmund

Skill      XL: |  1  2  3  4  5  6  7  8 |
---------------+-------------------------+-----
Stealth        | 1 2 3 |  3.7
Polearms       | 3 4 5 6 8 9 |  9.5
Fighting       | |  2.0
Throwing       | |  0.8
Armour         | |  0.7
Dodging        | |  1.5
Spellcasting   | |  2.0
Translocations | |  3.0

Action                     |  1- 3 |  4- 6 |  7- 9 || total
---------------------------+-------+-------+-------++-------
  Melee: Spear             |    99 |    88 |       ||   187
         Punch             |     1 |       |     1 ||     2
         Trident           |       |    30 |    90 ||   120
   Cast: Blink             |     3 |     2 |     3 ||     8
         Vhi's Electric Ch |       |       |     2 ||     2
Ability: Spit Poison       |    15 |    28 |     7 ||    50
  Evoke: Wand              |       |    17 |     5 ||    22
    Use: Scroll            |     7 |     5 |     3 ||    15
         Potion            |     1 |     1 |     6 ||     8
   Stab: Sleeping          |     7 |     6 |     1 ||    14
         Invisible         |       |       |     3 ||     3
 Armour: Leather armour    |    16 |    17 |    24 ||    57
         Chain mail        |       |     1 |       ||     1
         Skin              |       |       |    10 ||    10
  Dodge: Dodged            |    29 |    24 |    33 ||    86
